 BcadrenCrawl: Boulder Brew version 0.04.2-15-ge27eb88979 (webtiles) character file.

Game seed: 5646123344758713831, levelgen mode: deterministic

140 diana the Bolt Thrower (level 5, 0/32 HPs) Kobold Hunter. Began on May 15, 2021. Splashed by a jelly's acid (5 damage) ... on level 1 of the Dungeon. The game lasted 00:01:49 (758 turns).

diana the Bolt Thrower (Kobold Hunter)               Turns: 758, Time: 00:01:49

Health: 0/32       AC:  2    Str:  9    XL:     5 ^: 69
Magic:  5/5        EV: 20    Int: 12    God:
Gold:   40         SH:  0    Dex: 22    Spells: 4/4 levels left

rFire    . . .     Vision   .   a - +1 hand crossbow
rCold    . . .     Gourm    .   e - +0 dagger
rNeg     . . .     Faith    .   c - +0 leather armour
rPois    .         Spirit   .   (no helmet)
rElec    .         Reflect  .   (no cloak)
rCorr    .         Harm     .   m - +2 pair of gloves
MR       .....                  (no boots)
Stlth    +++.......             (no amulet)
HPRegen  0.20/turn              (no ring)
MPRegen  0.15/turn              (no ring)

@: agile, corroded
A: small, carnivore
a: no special abilities


You were on level 1 of the Dungeon.
You were not hungry.

You visited 1 branch of the dungeon, and saw 2 of its levels.

You collected 40 gold pieces.

Inventory:

Weapons
 a - a +1 hand crossbow (weapon)
 b - a +0 short sword
 e - a +0 dagger (weapon)
 f - a +0 dagger
 i - a +4 short sword
Armour
 c - a +0 leather armour (worn)
 m - a +2 pair of gloves (worn)
Jewellery
 k - an uncursed ring of protection from magic
 n - an uncursed amulet of rage
Scrolls
 g - a scroll of holy word
 h - a scroll of amnesia
 l - a scroll of teleportation
Potions
 j - 2 potions of curing
 p - a potion of invisibility
Comestibles
 d - 3 rations


   Skills:
 + Level 3.3 Fighting
 * Level 3.9 Short Blades
 + Level 5.7 Crossbows
 - Level 2.4 Dodging
 - Level 1.3 Stealth


You had 4 spell levels left.
You didn't know any spells.
Your spell library was empty.

Dungeon Overview and Level Annotations

Branches:
Dungeon (2/8)

Altars:


Innate Abilities, Weirdness & Mutations

You are small and have problems with some larger weapons.
You are carnivorous and can eat meat at any time.


Message History

You are splashed with acid (7)!
You hit the jelly but do no damage.
Your hands burn (4).
The jelly is moderately wounded. (13/18) HP The cinder newt misses you (0).
The jelly hits you but does no damage. The jelly blocks your attack.
The cinder newt barely misses you (0). The jelly barely misses you (0).
You hit the jelly (2).
Your hands burn (1).
The jelly is moderately wounded. (11/18) HP The jelly misses you (0).
The cinder newt closely misses you (0).
You hit the jelly (2).
Your hands burn (5).
* * * LOW HITPOINT WARNING * * *
The jelly is heavily wounded. (9/18) HP You hit the jelly (3).
Your hands burn (1).
* * * LOW HITPOINT WARNING * * *
The jelly is severely wounded. (6/18) HP The cinder newt closely misses you (0).
The jelly barely misses you (0).
You feel agile all of a sudden. The jelly hits you but does no damage.
The cinder newt misses you (0).
You hit the jelly (2).
Your hands burn (5).
You die...

#.##.....†.# #.#..
#.###.####.# #.#..
#.# #.# #.# #.#.)
#.# #.####.###.#..
#?# #.............
#.# ######[.......
#.# #.###÷### #l#
#.###.### #@#
#.##...##
#J########.#.###.#
#...........## ##.
#########..## ##
#..# # #..## ##
#...## ##.
####.###.# ##..)##


You could see a jelly and a submerged cinder newt.

Vanquished Creatures
  4 giant cockroaches (D:1)
  3 cinder newts (D:1)
  2 oozes (D:1)
  4 dart slugs (D:1)
  3 leopard geckos (D:1)
  6 bats (D:1)
  5 goblins (D:1)
  7 hobgoblins (D:1)
  7 kobolds (D:1)
  A ball python (D:1)
  4 rats (D:1)
46 creatures vanquished.

Notes
Turn   | Place    | Note
-------+----------+-------------------------------------------
     0 | D:1      | diana the Kobold Hunter began the quest for the Orb.
     0 | D:1      | Reached XP level 1. HP: 12/12 MP: 1/1
    44 | D:1      | Reached skill level 1 in Short Blades
    44 | D:1      | Reached XP level 2. HP: 18/18 MP: 2/2
    54 | D:1      | Reached skill level 5 in Crossbows
    95 | D:1      | Reached XP level 3. HP: 19/22 MP: 3/3
   245 | D:1      | Reached XP level 4. HP: 27/27 MP: 4/4
   318 | D:1      | Reached XP level 5. HP: 32/32 MP: 5/5
   758 | D:1      | Splashed by a jelly's acid

Levels and vault maps discovered:
D:1:      elethiomel_arrival_fortress_basement, layout_loops_ring
D:2:      minmay_polygon_palace, layout_sewer, nicolae_overflow_crystal_walls,
          kennysheep_okawaru_gauntlet, serial_shops, nicolae_shop_trees,
          nicolae_shop_stone, shop, first_ration

Skill      XL: |  1  2  3  4 |
---------------+-------------+-----
Short Blades   | 1 2 3 |  3.9
Crossbows      | 5 |  5.7
Fighting       | 3 |  3.3
Dodging        | |  2.4
Stealth        | |  1.3

Action                   |  1- 3 |  4- 6 || total
-------------------------+-------+-------++-------
Melee: Dagger            |     9 |    10 ||    19
 Fire: Hand crossbow     |    35 |    31 ||    66
  Use: Potion            |       |     1 ||     1
Armor: Leather armour    |       |     3 ||     3
Dodge: Dodged            |    14 |    17 ||    31
